TOP OF THE 1ST |
Salem Silver Souls batting - Pitching for Key West Barracudas : LHP José Mercado
|
Pitching: LHP José Mercado
|
|
Batting: LHB Cisco Gallegos
|
0-0: Called Strike 0-1: Swinging Strike 0-2: Foul Ball, location: 2F 0-2: Ball 1-2: Foul Ball, location: 2F 1-2: Strikes out looking
|
Batting: RHB Júlio Rodríguez
|
0-0: Called Strike 0-1: Ball 1-1: Fly out, F7 (Flyball, 7LM)
|
Batting: RHB Steve Smith
|
0-0: Foul Ball, location: 2F 0-1: Foul Ball, location: 2F 0-2: Ball 1-2: Foul Ball, location: 2F 1-2: Ball 2-2: Strikes out swinging
|
Top of the 1st over - 0 runs, 0 hits, 0 errors, 0 left on base; Salem 0 - Key West 0 |
BOTTOM OF THE 1ST |
Key West Barracudas batting - Pitching for Salem Silver Souls : RHP Rafael García
|
Pitching: RHP Rafael García
|
|
Batting: RHB Ramiro Javier
|
0-0: Ball 1-0: Foul Ball, location: 2F 1-1: Ball 2-1: Ground out 5-3 (Groundball, 56)
|
Batting: RHB Ramón Díaz
|
0-0: Ball 1-0: Swinging Strike 1-1: Ground out 1-3 (Groundball, 13)
|
Batting: RHB Rob DeWitt
|
0-0: Foul Ball, location: 2F 0-1: Fly out, F7 (Flyball, 7)
|
Bottom of the 1st over - 0 runs, 0 hits, 0 errors, 0 left on base; Salem 0 - Key West 0 |
TOP OF THE 2ND |
Salem Silver Souls batting - Pitching for Key West Barracudas : LHP José Mercado
|
Batting: RHB Marshall Gross
|
0-0: Called Strike 0-1: SINGLE (Line Drive, 6MD)
|
Batting: RHB Chris Hall
|
0-0: Ball 1-0: Called Strike 1-1: Ball 2-1: SINGLE (Line Drive, 7LM) Marshall Gross to second
|
Batting: RHB Elpidio Martinho
|
0-0: Fly out, F6 (Line Drive, 6M) Lined into DP, U6 (Line Drive, 6M)
|
Batting: LHB Hamilton Hughes
|
0-0: Called Strike 0-1: Called Strike 0-2: Ball 1-2: Ball 2-2: Foul Ball, location: 2F 2-2: Ground out 4-3 (Groundball, 4M)
|
Top of the 2nd over - 0 runs, 2 hits, 0 errors, 1 left on base; Salem 0 - Key West 0 |
BOTTOM OF THE 2ND |
Key West Barracudas batting - Pitching for Salem Silver Souls : RHP Rafael García
|
Batting: RHB Cris Lugo
|
0-0: Called Strike 0-1: Ball 1-1: Ball 2-1: Ball 3-1: Base on Balls
|
Batting: SHB Júlio Ayala
|
0-0: Ball 1-0: Ball 2-0: Called Strike 2-1: Ground out 4-3 (Groundball, 34) Cris Lugo to second
|
Batting: LHB Howard White
|
0-0: Called Strike 0-1: DOUBLE (Flyball, 89XD) Cris Lugo scores
|
Batting: RHB Anastasio Zartuche
|
0-0: Called Strike 0-1: Fly out, F7 (Flyball, 7S)
|
Batting: LHB Mauro Díaz
|
0-0: Ball 1-0: 2-RUN HOME RUN (Flyball, 7D), Distance : 395 ft
|
Batting: SHB Eric Pimentel
|
0-0: Ball 1-0: Swinging Strike 1-1: Ball 2-1: Foul Ball, location: 2F 2-2: Strikes out swinging
|
Bottom of the 2nd over - 3 runs, 2 hits, 0 errors, 0 left on base; Salem 0 - Key West 3 |
TOP OF THE 3RD |
Salem Silver Souls batting - Pitching for Key West Barracudas : LHP José Mercado
|
Batting: LHB Luis Aragón
|
0-0: Ball 1-0: Ball 2-0: Swinging Strike 2-1: Foul Ball, location: 2F 2-2: Strikes out looking
|
Batting: LHB Felipe Rivera
|
0-0: Fly out, F4 (Line Drive, 4)
|
Batting: LHB Cisco Gallegos
|
0-0: Fly out, F7 (Flyball, 7S)
|
Top of the 3rd over - 0 runs, 0 hits, 0 errors, 0 left on base; Salem 0 - Key West 3 |
BOTTOM OF THE 3RD |
Key West Barracudas batting - Pitching for Salem Silver Souls : RHP Rafael García
|
Batting: RHB Ramiro Javier
|
0-0: Ball 1-0: Called Strike 1-1: Fly out, F7 (Flyball, 7S)
|
Batting: RHB Ramón Díaz
|
0-0: Ball 1-0: Foul Ball, location: 2F 1-1: Swinging Strike 1-2: Foul Ball, location: 2F 1-2: Ball 2-2: SINGLE (Groundball, 6MD)
|
Batting: RHB Rob DeWitt
|
0-0: Called Strike 0-1: Ball 1-1: Called Strike 1-2: Ball 2-2: Strikes out swinging
|
Batting: RHB Cris Lugo
|
0-0: Called Strike 0-1: Swinging Strike 0-2: Ball 1-2: Strikes out swinging
|
Bottom of the 3rd over - 0 runs, 1 hit, 0 errors, 1 left on base; Salem 0 - Key West 3 |
TOP OF THE 4TH |
Salem Silver Souls batting - Pitching for Key West Barracudas : LHP José Mercado
|
Batting: RHB Júlio Rodríguez
|
0-0: DOUBLE (Line Drive, 8LXD)
|
Batting: RHB Steve Smith
|
0-0: Ball 1-0: SINGLE (Groundball, 56D) Júlio Rodríguez to third
|
Batting: RHB Marshall Gross
|
0-0: Ball 1-0: Swinging Strike 1-1: Foul Ball, location: 2F 1-2: Reached via error on a dropped throw, E6 Júlio Rodríguez scores Steve Smith to second
|
Batting: RHB Chris Hall
|
0-0: Called Strike 0-1: Fly out, F8 (Line Drive, 78XD) Runner from 2nd tags up, SAFE at 3rd, no throw
|
Batting: RHB Elpidio Martinho
|
0-0: Grounds into double play, 4-6-3 (Groundball, 4)
|
Top of the 4th over - 1 run, 2 hits, 1 error, 1 left on base; Salem 1 - Key West 3 |
BOTTOM OF THE 4TH |
Key West Barracudas batting - Pitching for Salem Silver Souls : RHP Rafael García
|
Batting: SHB Júlio Ayala
|
0-0: Ball 1-0: Foul Ball, location: 2F 1-1: Called Strike 1-2: SINGLE (Groundball, 34D)
|
Batting: LHB Howard White
|
0-0: Foul Ball, location: 2F 0-1: Ball 1-1: SINGLE (Line Drive, 9LS) Júlio Ayala to second
|
Batting: RHB Anastasio Zartuche
|
0-0: Ball 1-0: Ball 2-0: Ball 3-0: Base on Balls Júlio Ayala to third Howard White to second
|
Batting: LHB Mauro Díaz
|
0-0: Foul Ball, location: 2F 0-1: Swinging Strike 0-2: Ball 1-2: Foul Ball, location: 2F 1-2: Ball 2-2: SINGLE (Line Drive, 6) Júlio Ayala scores Howard White to third Anastasio Zartuche to second
|
Batting: SHB Eric Pimentel
|
0-0: Ball 1-0: Foul Ball, location: 2F 1-1: Fly out, F8 (Flyball, 8RD) Runner from 3rd tags up, SCORES, throw made
|
Batting: RHB Ramiro Javier
|
0-0: Ball 1-0: Foul Ball, location: 2F 1-1: Foul Ball, location: 2F 1-2: Ball 2-2: SINGLE (Groundball, 6MD) Anastasio Zartuche to third Mauro Díaz to second
|
Batting: RHB Ramón Díaz
|
0-0: Called Strike 0-1: Ball 1-1: Grounds into fielders choice 6-2 (Groundball, 6M) Mauro Díaz to third Ramiro Javier to second
|
Batting: RHB Rob DeWitt
|
0-0: Ball 1-0: Ball 2-0: Ball 3-0: Called Strike 3-1: Called Strike 3-2: Fly out, F6 (Line Drive, 6M)
|
Bottom of the 4th over - 2 runs, 4 hits, 0 errors, 3 left on base; Salem 1 - Key West 5 |
TOP OF THE 5TH |
Salem Silver Souls batting - Pitching for Key West Barracudas : LHP José Mercado
|
Batting: LHB Hamilton Hughes
|
0-0: Foul Ball, location: 2F 0-1: Ball 1-1: Fly out, F9 (Flyball, 9LM)
|
Batting: LHB Luis Aragón
|
0-0: Ball 1-0: Fly out, F9 (Flyball, 9D)
|
Batting: LHB Felipe Rivera
|
0-0: Called Strike 0-1: Ball 1-1: Ball 2-1: SINGLE (Flyball, 9S)
|
Batting: LHB Cisco Gallegos
|
0-0: Ball 1-0: Ball 2-0: Called Strike Felipe Rivera steals 2nd base 2-1: Ground out 5-3 (Groundball, 5)
|
Top of the 5th over - 0 runs, 1 hit, 0 errors, 1 left on base; Salem 1 - Key West 5 |
BOTTOM OF THE 5TH |
Key West Barracudas batting - Pitching for Salem Silver Souls : RHP Rafael García
|
Batting: RHB Cris Lugo
|
0-0: Called Strike 0-1: Ball 1-1: Ball 2-1: Ball 3-1: Fly out, F7 (Flyball, 7LSF)
|
Batting: SHB Júlio Ayala
|
0-0: Ball 1-0: Foul Ball, location: 2F 1-1: Called Strike 1-2: Foul Ball, location: 2F 1-2: Strikes out swinging
|
Batting: LHB Howard White
|
0-0: Swinging Strike 0-1: Ball 1-1: Foul Ball, location: 2F 1-2: Ball 2-2: Ball 3-2: Base on Balls
|
Batting: RHB Anastasio Zartuche
|
0-0: Ball 1-0: Ball 2-0: Ball 3-0: Called Strike 3-1: SINGLE (Line Drive, 8RS) Howard White to second
|
Batting: LHB Mauro Díaz
|
0-0: Ball 1-0: Ball 2-0: Foul Ball, location: 2F 2-1: Called Strike 2-2: Ball 3-2: Foul Ball, location: 2F 3-2: Foul Ball, location: 2F 3-2: Base on Balls Howard White to third Anastasio Zartuche to second
|
Pitching: LHP Reynaldo Vázquez
|
|
Batting: SHB Eric Pimentel
|
0-0: Ball 1-0: Called Strike 1-1: Foul Ball, location: 2F 1-2: Ball 2-2: Ball 3-2: DOUBLE (Line Drive, 3D) Howard White scores Anastasio Zartuche scores Mauro Díaz to third Mauro Díaz scores
|
Pinch Runner at 2nd Wilson Metherall:
|
|
Batting: RHB Ramiro Javier
|
0-0: Foul Ball, location: 2F 0-1: Ground out 5-3 (Groundball, 56)
|
Bottom of the 5th over - 3 runs, 2 hits, 0 errors, 1 left on base; Salem 1 - Key West 8 |
TOP OF THE 6TH |
Salem Silver Souls batting - Pitching for Key West Barracudas : LHP José Mercado
|
Batting: RHB Júlio Rodríguez
|
0-0: Ball 1-0: Ball 2-0: Fly out, F4 (Line Drive, 4)
|
Batting: RHB Steve Smith
|
0-0: Ball 1-0: Swinging Strike 1-1: Foul Ball, location: 2F 1-2: Ball 2-2: Ground out 6-3 (Groundball, 6)
|
Batting: RHB Marshall Gross
|
0-0: SOLO HOME RUN (Flyball, 7LD), Distance : 337 ft
|
Batting: RHB Chris Hall
|
0-0: Ball 1-0: Ball 2-0: Ball 3-0: Called Strike 3-1: SINGLE (Groundball, 5D)
|
Batting: RHB Elpidio Martinho
|
0-0: Called Strike Chris Hall steals 2nd base 0-1: Ball 1-1: Fly out, F8 (Flyball, 8RXD)
|
Top of the 6th over - 1 run, 2 hits, 0 errors, 1 left on base; Salem 2 - Key West 8 |
BOTTOM OF THE 6TH |
Key West Barracudas batting - Pitching for Salem Silver Souls : LHP Reynaldo Vázquez
|
Batting: RHB Ramón Díaz
|
0-0: Foul Ball, location: 2F 0-1: Ball 1-1: Ball 2-1: Ball 3-1: Base on Balls
|
Batting: RHB Rob DeWitt
|
0-0: Ball 1-0: Ball 2-0: Fly out, F8 (Flyball, 8RM)
|
Batting: RHB Cris Lugo
|
0-0: Ball 1-0: Ball 2-0: Ball 3-0: Base on Balls Ramón Díaz to second
|
Batting: SHB Júlio Ayala
|
0-0: Foul Ball, location: 2F 0-1: Called Strike 0-2: Grounds into double play, 5-4-3 (Groundball, 56)
|
Bottom of the 6th over - 0 runs, 0 hits, 0 errors, 1 left on base; Salem 2 - Key West 8 |
TOP OF THE 7TH |
Salem Silver Souls batting - Pitching for Key West Barracudas : LHP José Mercado
|
Batting: LHB Hamilton Hughes
|
0-0: Foul Ball, location: 2F 0-1: SINGLE (Line Drive, 6MD)
|
Batting: LHB Luis Aragón
|
0-0: Foul Ball, location: 2F 0-1: Foul Ball, location: 2F 0-2: Strikes out swinging
|
Batting: LHB Felipe Rivera
|
0-0: SINGLE (Groundball, 4MD) Hamilton Hughes to second
|
Batting: LHB Cisco Gallegos
|
0-0: Ball 1-0: Fly out, F8 (Line Drive, 8LXD) Runner from 2nd tags up, SAFE at 3rd, no throw
|
Batting: RHB Júlio Rodríguez
|
0-0: Ball 1-0: Fly out, F7 (Flyball, 78M)
|
Top of the 7th over - 0 runs, 2 hits, 0 errors, 2 left on base; Salem 2 - Key West 8 |
BOTTOM OF THE 7TH |
Key West Barracudas batting - Pitching for Salem Silver Souls : LHP Reynaldo Vázquez
|
Batting: LHB Howard White
|
0-0: Called Strike 0-1: Ball 1-1: Ground out 4-3 (Groundball, 34D)
|
Batting: RHB Anastasio Zartuche
|
0-0: Ball 1-0: Called Strike 1-1: Ground out 5-3 (Groundball, 25)
|
Batting: LHB Mauro Díaz
|
0-0: Ball 1-0: Foul Ball, location: 2F 1-1: Foul Ball, location: 2F 1-2: Ball 2-2: Ball 3-2: SINGLE (Line Drive, 6D)
|
Batting: RHB Wilson Metherall
|
0-0: Ground out 4-3 (Groundball, 34)
|
Bottom of the 7th over - 0 runs, 1 hit, 0 errors, 1 left on base; Salem 2 - Key West 8 |
TOP OF THE 8TH |
Salem Silver Souls batting - Pitching for Key West Barracudas : LHP José Mercado
|
Batting: RHB Steve Smith
|
0-0: Swinging Strike 0-1: Swinging Strike 0-2: Ball 1-2: Ball 2-2: Strikes out swinging
|
Pitching: LHP Stanley Wise
|
|
Batting: RHB Marshall Gross
|
0-0: TRIPLE (Line Drive, 89XD)
|
Batting: RHB Chris Hall
|
0-0: Called Strike 0-1: Swinging Strike 0-2: Ground out 6-3 (Groundball, 6) Marshall Gross scores
|
Batting: RHB Elpidio Martinho
|
0-0: Called Strike 0-1: Ball 1-1: Foul Ball, location: 2F 1-2: Strikes out swinging
|
Top of the 8th over - 1 run, 1 hit, 0 errors, 0 left on base; Salem 3 - Key West 8 |
BOTTOM OF THE 8TH |
Key West Barracudas batting - Pitching for Salem Silver Souls : LHP Reynaldo Vázquez
|
Batting: RHB Ramiro Javier
|
0-0: Called Strike 0-1: Called Strike 0-2: Ball 1-2: Foul Ball, location: 2F 1-2: Ball 2-2: Ball 3-2: Foul Ball, location: 2F 3-2: Fly out, F6 (Line Drive, 6M)
|
Batting: RHB Ramón Díaz
|
0-0: Ball 1-0: Called Strike 1-1: Ball 2-1: Ground out 6-3 (Groundball, 6)
|
Batting: RHB Rob DeWitt
|
0-0: Ball 1-0: Ground out 5-3 (Groundball, 5)
|
Bottom of the 8th over - 0 runs, 0 hits, 0 errors, 0 left on base; Salem 3 - Key West 8 |
TOP OF THE 9TH |
Salem Silver Souls batting - Pitching for Key West Barracudas : LHP Stanley Wise
|
Batting: LHB Hamilton Hughes
|
0-0: Swinging Strike 0-1: Ball 1-1: Ground out 6-3 (Groundball, 56D)
|
Batting: LHB Luis Aragón
|
0-0: Foul Ball, location: 2F 0-1: Fly out, F5 (Line Drive, 6)
|
Batting: LHB Felipe Rivera
|
0-0: Ball 1-0: SINGLE (Line Drive, 34)
|
Batting: LHB Cisco Gallegos
|
0-0: Ball 1-0: Called Strike 1-1: Ball 2-1: Fly out, F7 (Flyball, 78S)
|
Top of the 9th over - 0 runs, 1 hit, 0 errors, 1 left on base; Salem 3 - Key West 8 |
|